 Dungeon Crawl Stone Soup version 0.24.1-14-gf8d2b509d9 (webtiles) character file.

Game seed: 18318869566937600909, levelgen mode: deterministic

58 Gabide the Skirmisher (level 3, -1/29 HPs)
             Began as a Mummy Fighter on May 26, 2020.
             Slain by a gnoll
             ... wielding a +0 halberd
              (5 damage)
             ... on level 2 of the Dungeon.
             The game lasted 00:04:12 (1650 turns).

Gabide the Skirmisher (Mummy Fighter)               Turns: 1650, Time: 00:04:13

Health: -1/29      AC: 12    Str: 20    XL:     3   Next: 76%
Magic:  3/3        EV:  8    Int:  7    God:
Gold:   80         SH:  9    Dex: 13    Spells: 2/2 levels left

rFire    x . .     SeeInvis .   a - +0 flail
rCold    + . .     Gourm    .   c - +0 shield
rNeg     + + +     Faith    .   d - +3 chain mail
rPois    ∞         Spirit   .   (no helmet)
rElec    .         Reflect  .   (no cloak)
rCorr    .         Harm     .   (no gloves)
MR       .....                  (no boots)
Stlth    ..........             (no amulet)
HPRegen  0.09/turn              e - +2 ring of dexterity
MPRegen  0.08/turn              j - +3 ring of evasion

@: no status effects
A: no food or potions, fire vulnerability, cold resistance 1, negative energy
resistance 3, torment resistance, unbreathing
a: no special abilities


You were on level 2 of the Dungeon.
You were not hungry.

You visited 1 branch of the dungeon, and saw 2 of its levels.

You collected 80 gold pieces.

Inventory:

Hand Weapons
 a - a +0 flail (weapon)
Armour
 b - a +0 scale mail
 c - a +0 shield (worn)
 d - a +3 chain mail (worn)
 i - a +0 plate armour
Jewellery
 e - a +2 ring of dexterity (left hand)
 j - a +3 ring of evasion (right hand)
Scrolls
 f - 2 scrolls of remove curse
 g - a scroll of fog


   Skills:
 + Level 3.3 Fighting
 + Level 2.1 Maces & Flails
 * Level 2.9 Armour
 + Level 2.9 Shields


You had 2 spell levels left.
You didn't know any spells.
Your spell library was empty.

Dungeon Overview and Level Annotations

Branches:
Dungeon (2/15)

Altars:
Kikubaaqudgha
Okawaru
Ru
Zin


Innate Abilities, Weirdness & Mutations

You do not eat or drink.
Your flesh is vulnerable to fire.
You are immune to poison.
Your flesh is cold resistant. (rC+)
You are immune to negative energy. (rN+++)
You are immune to unholy pain and torment.
You can survive without breathing.


Message History

You see here 12 gold pieces.
As you read the scroll of enchant armour, it crumbles to dust.
Your +1 chain mail glows green for a moment.
The gnoll closely misses you.
As you read the scroll of enchant armour, it crumbles to dust.
Your +2 chain mail glows green for a moment.
You block the gnoll's attack. The gnoll closely misses you.
The gnoll hits you but does no damage.
You see here 12 gold pieces.
Your shield and chain mail prevent you from hitting the gnoll.
The gnoll hits you but does no damage. You block the gnoll's attack.
You hit the gnoll.
The gnoll is moderately wounded.
The gnoll hits you with a +0 spear.
* * * LOW HITPOINT WARNING * * *
The gnoll hits you but does no damage. x2
You closely miss the gnoll.
The gnoll is moderately wounded.
The gnoll hits you from afar with a +0 halberd.
You die...

.# #.%.......# .
#####....## ##.
##...# #..#..#
##..## #.##..#
######.# #.##..#
##....... #.##..#
#..<####.
#.##..####.#.####.
#@##.......#......
#g##.......#....#.
#gg.....#######.#.
#####......#......
######.#.#####
#.#.# #...# #####


You could see 3 gnolls.

Vanquished Creatures
  2 adders (D:2)
  A worm (D:2)
  A leopard gecko (D:1)
  4 bats
  4 giant cockroaches
  A goblin (D:1)
  4 hobgoblins
  2 quokkas (D:2)
  A ball python (D:1)
  3 frilled lizards (D:2)
  8 kobolds
  8 rats
39 creatures vanquished.

Notes
Turn   | Place    | Note
-------+----------+-------------------------------------------
     0 | D:1      | Gabide the Mummy Fighter began the quest for the Orb.
     0 | D:1      | Reached XP level 1. HP: 18/18 MP: 1/1
   182 | D:1      | Reached XP level 2. HP: 22/24 MP: 2/2
  1012 | D:2      | Reached XP level 3. HP: 22/29 MP: 3/3
  1119 | D:2      | Found a sacrificial altar of Ru.
  1119 | D:2      | Found an ancient bone altar of Kikubaaqudgha.
  1120 | D:2      | Found an iron altar of Okawaru.
  1559 | D:2      | Found a glowing silver altar of Zin.
  1650 | D:2      | Slain by a gnoll

Levels and vault maps discovered:
D:1:      dpeg_arrival_rooms_c, layout_basic
D:2:      layout_loops_ring, nicolae_overflow_quartered_altars

Skill      XL: |  1  2  3 |
---------------+----------+-----
Maces & Flails | 2 |  2.1
Fighting       | |  3.3
Armour         | |  2.9
Shields        | |  2.9

Action                   || total
-------------------------++-------
Melee: Flail             ||   133
  Use: Scroll            ||     7
Armor: Scale mail        ||    28
       Chain mail        ||    57
Dodge: Dodged            ||    40
Block: Shield            ||    74
